 Dungeon Crawl Stone Soup version 0.31-a0-1009-g454b1f1e0a (webtiles) character file.

Game seed: 7673176642722515963

270 Chiseanne the Shield-Bearer (level 6, -12/51 HPs)
             Began as a Draconian Wanderer on Nov 14, 2023.
             Was an Initiate of Okawaru.
             Mangled by an ogre
             ... wielding a +0 giant spiked club
              (24 damage)
             ... on level 5 of the Dungeon.
             The game lasted 00:07:25 (3234 turns).

Chiseanne the Shield-Bearer (Draconian Wanderer)    Turns: 3234, Time: 00:07:26

Health: -12/51     AC:  7    Str: 22    XL:     6   Next: 1%
Magic:  6/6        EV: 13    Int: 10    God:    Okawaru [......]
Gold:   201        SH:  7    Dex: 13    Spells: 5/5 levels left

rFire   . . .        a - +0 mace
rCold   . . .        b - +2 buckler
rNeg    . . .        (body armour unavailable)
rPois   .            (helmet restricted)
rElec   .            f - +0 cloak {rCorr}
rCorr   +            (no gloves)
SInv    .            (no boots)
Will    .....        (no amulet)
Stlth   +            l - +6 ring of strength
HPRegen 0.28/turn    u - ring of flight
MPRegen 0.10/turn

%: no passive effects
@: flying
A: AC +6, unfitting armour, cold-blooded
a: Renounce Religion


You were on level 5 of the Dungeon.
You worshipped Okawaru.
Okawaru was noncommittal.
You visited 2 branches of the dungeon, and saw 6 of its levels.

You collected 201 gold pieces.

Inventory:

Hand Weapons
 a - a +0 mace (weapon)
Missiles
 g - 9 boomerangs
 h - 2 throwing nets
 i - 5 poisoned darts (quivered)
 k - 13 stones
Armour
 b - a +2 buckler (worn)
 c - a +0 cloak
 f - a +0 cloak of preservation (worn)
Jewellery
 e - a ring of ice
 l - a +6 ring of strength (left hand)
 u - a ring of flight (right hand)
Wands
 p - a wand of quicksilver (14)
Scrolls
 d - 4 scrolls of teleportation
 m - 2 scrolls of amnesia
 n - a scroll of poison
Potions
 j - a potion of magic
 o - a potion of curing {unknown}
 q - 2 potions of brilliance
 s - 2 potions of enlightenment
 v - a potion of cancellation {unknown}


   Skills:
 * Level 3.4 Fighting
 - Level 3.0 Maces & Flails
 * Level 4.0 Dodging
 * Level 4.5 Shields
 - Level 1.0 Invocations
 * Level 1.3 Evocations


You had 5 spell levels left.
You didn't know any spells.
Your spell library was empty.

Dungeon Overview and Level Annotations

Branches:
Dungeon (5/15)             Temple (1/1) D:4

Altars:
Cheibriados
Dithmenos
Fedhas
Gozag
Hepliaklqana
Kikubaaqudgha
Okawaru
Qazlal
Ru
Uskayaw
Vehumet
Wu Jian
Zin


Innate Abilities, Weirdness & Mutations

Your plain brown scales are hard. (AC +6)
You cannot fit into any form of body armour.
You are cold-blooded and may be slowed by cold attacks.


Message History

Aim: an ogre, wielding a +0 giant spiked club (71% to hit)
You throw a poisoned dart. The poisoned dart hits the ogre.
Throw: 7 darts (poison)
Press: ? - help, Q - select action, (/) - cycle Shift-Dir - straight line, f/p - ogre
Aim: an ogre, wielding a +0 giant spiked club (71% to hit)
You throw a poisoned dart. The poisoned dart hits the ogre.
The ogre is poisoned.
Throw: 6 darts (poison)
Press: ? - help, Q - select action, (/) - cycle Shift-Dir - straight line, f/p - ogre
Aim: an ogre, wielding a +0 giant spiked club (poisoned, 71% to hit)
You throw a poisoned dart.
The poisoned dart barely misses the ogre.
You hit the ogre but do no damage.
The ogre is lightly wounded.
You block the ogre's attack.
You barely miss the ogre.
Your tail-slap misses the ogre.
The ogre is lightly wounded.
The ogre hits you with a +0 giant spiked club!!
Ouch! That really hurt!
You hit the ogre but do no damage.
You tail-slap the ogre, but do no damage.
The ogre is lightly wounded.
You barely miss the ogre.
The ogre is moderately wounded.
The ogre looks more healthy.
The ogre misses you.
You hit the ogre.
The ogre is moderately wounded.
The ogre hits you with a +0 giant spiked club!
* * * LOW HITPOINT WARNING * * *
You completely miss the ogre.
The ogre is moderately wounded.
You block the ogre's attack.
You hit the ogre.
The ogre is severely wounded.
The ogre closely misses you.
You hit the ogre.
You tail-slap the ogre, but do no damage.
The ogre is severely wounded.
The ogre hits you with a +0 giant spiked club!!
You die...

........# .....####
#.......# .....#
.......# .....####
.......#
........#######.......#
....###..##...##......#
...# ##..#....#......#
..# ##......#......# .#
##..####@.....# #
##...†O...(..#
##............
#............
#............
#(............
.(...##+#####.. ......+
.. (.....#


You could see an ogre.

Vanquished Creatures
  A hound (D:4)
  Crazy Yiuf (D:3)
  2 iguanas
  An orc wizard (D:4)
  5 adders
  3 worms
  2 dart slugs
  6 orcs
  3 ball pythons
  A bat (D:3)
  6 endoplasms
  5 giant cockroaches
  7 goblins
  4 hobgoblins
  9 jackals
  10 quokkas
  2 frilled lizards
  4 kobolds
  3 rats
75 creatures vanquished.

Notes
Turn   | Place    | Note
-------+----------+-------------------------------------------
     0 | D:1      | Chiseanne the Draconian Wanderer began the quest for the
                  | Orb.
     0 | D:1      | Chiseanne set off with the following items: a +0 mace, a +2
                  | buckler, a +0 cloak, a scroll of teleportation.
     0 | D:1      | Reached XP level 1. HP: 14/14 MP: 1/1
   118 | D:1      | Reached XP level 2. HP: 21/22 MP: 2/2
   123 | D:1      | Reached skill level 1 in Fighting
   240 | D:1      | You fall into a shaft and drop 1 floor!
   275 | D:2      | Found a faded altar of an unknown god.
   712 | D:2      | Reached XP level 3. HP: 9/28 MP: 3/3
  1283 | D:2      | Reached XP level 4. HP: 36/36 MP: 4/4
  2299 | D:3      | Found a runed translucent door.
  2303 | D:3      | Noticed Crazy Yiuf
  2313 | D:3      | Killed Crazy Yiuf
  2314 | D:3      | Reached XP level 5. HP: 44/44 MP: 0/5
  2544 | D:4      | Found a staircase to the Ecumenical Temple.
  2555 | Temple   | Entered the Ecumenical Temple
  2580 | Temple   | Became a worshipper of Warmaster Okawaru
  2865 | D:4      | Found a hazy altar of Hepliaklqana.
  2940 | D:4      | Reached skill level 1 in Evocations
  3185 | D:5      | Entered Level 5 of the Dungeon
  3220 | D:5      | Reached XP level 6. HP: 51/51 MP: 6/6
  3234 | D:5      | Mangled by an ogre

Illustrated notes

Levels and vault maps discovered:
D:1:      wheals_arrival_shading, layout_rooms
D:2:      layout_loops_ring, nicolae_ecumenical_pavilion,
          chequers_serial_rivers_room_a, nrook_uturn
D:3:      layout_loops_ring, serial_co_window_serial, co_window_paths_b,
          co_window_of_opportunity_a, co_window_paths_a,
          co_window_of_opportunity_a, co_window_paths_a, co_window_cross_4,
          co_window_corner_b, co_window_2corner, co_window_broadway_b,
          co_window_corner_ca, uniq_crazy_yiuf_cottage
D:4:      layout_rooms, overflow_temple_1_default, minmay_temple_entry_waves
D:5:      layout_gridville, nemelex_spade_bored_becter
Temple:   nicolae_temple_slightly_damp_pantheon

Skill      XL: |  1  2  3  4  5 |
---------------+----------------+-----
Fighting       | 1 2 3 |  3.4
Dodging        | 3 4 |  4.0
Shields        | 4 |  4.5
Evocations     | 1 |  1.3
Maces & Flails | |  3.0
Invocations    | |  1.0

Action                     |  1- 3 |  4- 6 || total
---------------------------+-------+-------++-------
  Melee: Mace              |   129 |   160 ||   289
         Tailslap          |    12 |    17 ||    29
  Throw: Dart              |       |     6 ||     6
    Use: Scroll            |     5 |     6 ||    11
         Potion            |       |     3 ||     3
   Stab: Sleeping          |     1 |     2 ||     3
 Armour: Skin              |    60 |    99 ||   159
  Dodge: Dodged            |    78 |   107 ||   185
  Block: Buckler           |    37 |    54 ||    91

Table legend: (Time is in decaauts)
 A = Elapsed time spent in this place.
 B = Non-inter-level travel time spent in this place.
 C = Inter-level travel time spent in this place.
 D = Time resting spent in this place.
 E = Time spent auto-exploring this place.
 F = Levels seen in this place.
 G = Mean time per level.
                   A        B        C        D        E       F      G
               +--------+--------+--------+--------+--------+-----+--------+
         Total |   3315 |   3202 |    113 |    386 |   1838 |   6 |  552.5 |
       Dungeon |   3265 |   3165 |    100 |    386 |   1838 |   5 |  653.0 |
        Temple |     50 |     37 |     13 |      0 |      0 |   1 |   50.0 |
               +--------+--------+--------+--------+--------+-----+--------+

Top non-repeatable levels by time:
     D:3: 1062 daAuts
     D:2: 849 daAuts
     D:4: 666 daAuts
     D:1: 633 daAuts
     D:5: 52 daAuts
  Temple: 50 daAuts
